 Dungeon Crawl Stone Soup version 0.29.0-11-gd7f09526c8 (console) character file.

Game seed: 2220029073996841031

592 jejorda2 the Cutter (level 7, 0/38 HPs)
             Began as a Vine Stalker Berserker on Sept 3, 2022.
             Was a Priest of Trog.
             Slain by an orc
             ... wielding a +4 short sword
              (1 damage)
             ... on level 4 of the Dungeon.
             The game lasted 00:09:47 (3667 turns).

jejorda2 the Cutter (Vine Stalker Berserker)        Turns: 3667, Time: 00:09:48

Health: 0/38       AC:  9    Str: 21    XL:     7   Next: 39%
Magic:  0/8        EV:  8    Int:  7    God:    Trog [***...]
Gold:   258        SH:  5    Dex: 14    Spells: 6/6 levels left

rFire   + . .      SeeInvis .   a - +1 dagger (speed)
rCold   + . .      Faith    .   (no shield)
rNeg    . . .      Spirit   +   n - +0 chain mail
rPois   .          Reflect  +   (no helmet)
rElec   .          Harm     .   j - scarf {rC+ rF+}
rCorr   .          Rampage  .   (no gloves)
Will    ++...                   (no boots)
Stlth   ..........              b - amulet of reflection
HPRegen 1.92/turn               (no ring)
MPRegen 0.11/turn               (no ring)

@: mighty, strong-willed, on berserk cooldown, flying, regenerating, slowed,
very slow
A: fangs 2, regeneration 1, magic shield, antimagic bite, no potion heal 2
a: Renounce Religion, Berserk, Trog's Hand


You were on level 4 of the Dungeon.
You worshipped Trog.
Trog was most pleased with you.
You visited 1 branch of the dungeon, and saw 5 of its levels.

You collected 258 gold pieces.

Inventory:

Hand Weapons
 a - a +1 dagger of speed (weapon)
 g - a +0 dagger
Missiles
 d - 37 stones (quivered)
 s - 4 poisoned darts
Armour
 j - a scarf of resistance (worn)
 n - a +0 chain mail (worn)
 o - a +0 helmet
 w - a +0 leather armour of poison resistance
Jewellery
 b - an amulet of reflection (around neck)
Wands
 m - a wand of polymorph (4)
 v - a wand of flame (11)
Scrolls
 c - 4 scrolls of identify {unknown}
 e - 3 scrolls of vulnerability {unknown}
 f - 4 scrolls of poison {unknown}
 h - a scroll of enchant weapon {unknown}
 q - a scroll of magic mapping {unknown}
 r - a scroll of immolation {unknown}
 t - a scroll of brand weapon {unknown}
 x - a scroll of teleportation {unknown}
Potions
 i - 2 potions of flight
 k - 2 potions of heal wounds {unknown}
 l - a potion of lignification {unknown}
 u - a potion of magic {unknown}


   Skills:
 + Level 4.5 Fighting
 * Level 5.9 Short Blades
 - Level 3.0 Armour
 - Level 1.5 Dodging


You had 6 spell levels left.
You didn't know any spells.
Your spell library was empty.

Dungeon Overview and Level Annotations

Branches:
Dungeon (5/15)
 Temple: D:4-7

Altars:

Shops:
D:3 :


Innate Abilities, Weirdness & Mutations

You have extremely sharp teeth.
Your natural rate of healing is unusually fast.
When hurt, damage is shared between your health and your magic reserves.
Your bite disrupts and absorbs the magic of your enemies.
Potions cannot restore your health.


Message History

An orc comes into view. It is wielding a +0 mace.
The orc barely misses you. Sigmund barely misses you.
The orc priest casts a cantrip, but nothing happens.
The orc hits you with a +0 hand axe.
Unknown command.
You hit Sigmund. Your bite misses Sigmund.
Sigmund is moderately wounded.
The orc priest invokes the aid of Beogh against you.
Beogh smites you! The orc hits you with a +0 hand axe.
You block the orc's attack. The orc priest barely misses you.
You feel very mighty all of a sudden. Sigmund barely misses you.
The orc hits you but does no damage. The orc hits you with a +0 club.
The orc priest hits you but does no damage.
The orc hits you with a +0 hand axe.
You puncture Sigmund! Your bite misses Sigmund.
Sigmund is severely wounded.
You block the orc's attack. The orc hits you with a +0 hand axe.
The orc hits you with a +0 club. You block the orc priest's attack.
Sigmund hits you with a +4 scythe of freezing!
* * * LOW HITPOINT WARNING * * *
Sigmund freezes you.
* * * LOW HITPOINT WARNING * * *
You puncture Sigmund!
You kill Sigmund!
Trog accepts your kill.
Trog appreciates your killing of a magic user.
The orc misses you. The orc hits you with a +0 hand axe.
* * * LOW HITPOINT WARNING * * *
The orc hits you but does no damage. You block the orc priest's attack.
You closely miss the orc priest. You bite the orc priest! You drain its power.
You feel invigorated.
The orc priest is severely wounded.
You barely miss the orc priest.
The orc priest is severely wounded.
The orc priest calls down the wrath of Beogh upon you.
Beogh smites you!
* * * LOW HITPOINT WARNING * * *
The orc hits you with a +4 short sword.
You die...

......... ... .........
.......###
#.......##... .....
##......##... ....
.........#.# ... ..
...........# ..# ...
#.....oo...####..#....
#....oo@).....))......
..#...oo....##>).#...
............).......#
.............#.....##
.#...........###......
#......#.#...# ......
.........#####.........
.>..........)...
.......[.
.....o........#.
.........


You could see 2 orc priests and 4 orcs.

Vanquished Creatures
  Sigmund (D:4)
  Jessica (D:2)
  Ijyb (D:3)
  Terence (D:2)
  4 orc wizards
  Natasha (thrice) (D:2)
  Robin (D:2)
  2 adders (D:2)
  4 gnolls (D:2)
  An adder skeleton (D:2)
  5 dart slugs
  8 orcs
  7 ball pythons
  4 bats
  2 bat zombies (D:2)
  11 endoplasms
  2 giant cockroaches
  14 goblins
  3 hobgoblins
  6 jackals
  5 quokkas
  2 ball python skeletons (D:2)
  A ball python zombie (D:2)
  4 frilled lizards
  2 giant cockroach zombies (D:2)
  5 kobolds
  2 rats (D:2)
102 creatures vanquished.

Vanquished Creatures (others)
  8 withered plants (D:2)
8 creatures vanquished.

Grand Total: 110 creatures vanquished

Notes
Turn   | Place    | Note
-------+----------+-------------------------------------------
     0 | D:1      | jejorda2 the Vine Stalker Berserker began the quest for the
                  | Orb.
     0 | D:1      | Reached XP level 1. HP: 11/11 MP: 2/2
   617 | D:1      | Reached skill level 3 in Short Blades
   617 | D:1      | Reached XP level 2. HP: 7/16 MP: 1/3
  1324 | D:1      | Found a faded altar of an unknown god.
  1337 | D:1      | Reached XP level 3. HP: 18/20 MP: 4/4
  1867 | D:2      | Noticed Terence
  1867 | D:2      | Noticed Natasha
  1885 | D:2      | Killed Natasha
  1886 | D:2      | Gained mutation: Your natural rate of healing is unusually
                  | fast. [Vine Stalker growth]
  1886 | D:2      | Reached XP level 4. HP: 7/24 MP: 5/5
  1892 | D:2      | Killed Terence
  2049 | D:2      | Noticed Natasha
  2055 | D:2      | Killed Natasha
  2056 | D:2      | Reached skill level 4 in Short Blades
  2056 | D:2      | Reached XP level 5. HP: 28/28 MP: 6/6
  2134 | D:2      | Noticed Robin
  2214 | D:2      | Noticed Natasha
  2238 | D:2      | Killed Natasha
  2253 | D:2      | Killed Robin
  2253 | D:2      | Reached ** piety under Trog
  2425 | D:2      | Noticed Jessica
  2435 | D:2      | Killed Jessica
  2436 | D:2      | Reached XP level 6. HP: 33/33 MP: 7/7
  3079 | D:3      | Found Bemnutt's Book Shoppe.
  3216 | D:3      | Reached *** piety under Trog
  3221 | D:3      | Noticed Ijyb
  3247 | D:3      | Killed Ijyb
  3248 | D:3      | Reached skill level 5 in Short Blades
  3631 | D:4      | You fall into a shaft and drop 1 floor!
  3631 | D:5      | Entered Level 5 of the Dungeon
  3646 | D:4      | Reached XP level 7. HP: 37/37 MP: 8/8
  3649 | D:4      | Noticed Sigmund
  3665 | D:4      | Killed Sigmund
  3667 | D:4      | HP: 1/38 [orc priest/divine providence (7)]
  3667 | D:4      | Slain by an orc

Illustrated notes

Levels and vault maps discovered:
D:1:      wander_arrival_abandoned_jail, layout_basic,
          ebering_ecumenical_altar_webs, hangedman_glass_teeth,
          chequers_serial_rivers_micro_b, chequers_avenue,
          minmay_misc_feat_rows, grunt_decor_mini_mirrors
D:2:      layout_loops_corners, serial_undead, serial_undead_f, serial_undead_b,
          serial_undead_e, serial_undead_e, serial_undead_a, serial_undead_a,
          serial_undead_c, serial_undead_e, serial_undead_a, serial_undead_e,
          grunt_ministairs_1, minmay_ruptured, uniq_terence, uniq_jessica,
          uniq_robin, uniq_natasha
D:3:      layout_rooms, serial_shops, nicolae_diamond_shop,
          guppyfry_early_lair_pool, uniq_ijyb
D:4:      layout_cave_pools, uniq_sigmund, uniq_eustachio
D:5:      layout_gridville, tso_oasis_becter, minmay_temple_entry_arrows,
          minmay_increasing_density

Skill      XL: |  1  2  3  4  5  6 |
---------------+-------------------+-----
Short Blades   | 3 4 5 |  5.9
Fighting       | 3 4 |  4.5
Armour         | 2 3 |  3.0
Dodging        | |  1.5

Action                   |  1- 3 |  4- 6 |  7- 9 || total
-------------------------+-------+-------+-------++-------
Melee: Dagger            |    66 |   273 |    10 ||   349
       Short sword       |    10 |       |       ||    10
       Bite              |    20 |    84 |     3 ||   107
       Punch             |     1 |     3 |       ||     4
Throw: Stone             |    12 |       |       ||    12
Invok: Berserk           |     4 |     4 |       ||     8
       Trog's Hand       |       |     1 |     1 ||     2
  Use: Potion            |       |       |     2 ||     2
Armor: Leather armour    |    17 |     5 |       ||    22
       Animal skin       |     1 |       |       ||     1
       Chain mail        |       |    56 |     6 ||    62
Dodge: Dodged            |    28 |    67 |    11 ||   106
Block: Other             |    12 |    37 |     5 ||    54
